 Dungeon Crawl Stone Soup version 0.31-a0-204-g7da18cac08 (webtiles) character file.

Game seed: 16856404090187395953

79 qw the Shooter (level 4, -2/25 HPs)
             Began as a Deep Elf Hunter on June 27, 2023.
             Slain by Natasha (6 damage)
             ... on level 2 of the Dungeon.
             The game lasted 00:00:35 (1457 turns).

qw the Shooter (Deep Elf Hunter)                    Turns: 1457, Time: 00:00:35

Health: -2/25      AC:  5    Str: 10    XL:     4   Next: 16%
Magic:  6/6        EV: 11    Int: 14    God:
Gold:   26         SH:  0    Dex: 18    Spells: 3/3 levels left

rFire   . . .        Y - +0 shortbow
rCold   . . .        (shield currently unavailable)
rNeg    . . .        i - +0 ring mail
rPois   .            (no helmet)
rElec   .            (no cloak)
rCorr   .            (no gloves)
SInv    .            (no boots)
Will    .....        (no amulet)
Stlth   +            (no ring)
HPRegen 0.24/turn    (no ring)
MPRegen 0.10/turn

%: no passive effects
@: no status effects
A: no striking features
a: no special abilities


You were on level 2 of the Dungeon.
You visited 1 branch of the dungeon, and saw 2 of its levels.

You collected 26 gold pieces.


   Skills:
 - Level 1.5 Fighting
 + Level 7.6 Ranged Weapons
 - Level 2.4 Dodging
 - Level 1.2 Stealth


You had 3 spell levels left.
You didn't know any spells.
Your spell library was empty.

Inventory:

Hand Weapons
 Y - a +0 shortbow (weapon)
Armour
 e - a +0 pair of gloves
 i - a +0 ring mail (worn)
Scrolls
 a - a scroll of identify
 c - a scroll of teleportation {unknown}
 g - a scroll of vulnerability {unknown}
Potions
 b - a potion of might {unknown}
 d - a potion of lignification {unknown}
 f - a potion of curing
 h - a potion of degeneration {unknown}
 k - a potion of heal wounds {unknown}

Dungeon Overview and Level Annotations

Branches:
Dungeon (2/15)

Altars:

Annotations:
D:2 Natasha


Message History

You kill the kobold!
Natasha, Servant of Life and Death comes into view.
Natasha moves out of view.
Natasha hisses angrily.
Enter note:
Enter note:
Enter note:
Enter note:
Enter note:
Enter note: You shoot an arrow.
The arrow hits Natasha.
Natasha is lightly wounded.
You shoot an arrow. The arrow hits Natasha.
Natasha is moderately wounded.
You shoot an arrow. The arrow hits Natasha.
Natasha is heavily wounded.
You shoot an arrow. The arrow barely misses Natasha.
Natasha claws you but does no damage.
You shoot an arrow.
The arrow hits Natasha but does no damage.
Natasha is heavily wounded.
Natasha claws you.
You shoot an arrow. The arrow barely misses Natasha.
Natasha claws you!
You shoot an arrow. The arrow barely misses Natasha.
Natasha completely misses you.
You shoot an arrow. The arrow hits Natasha.
Natasha is severely wounded.
Natasha claws you.
Natasha wildly gestures.
Natasha shimmers violently.
Natasha closely misses you.
You shoot an arrow.
The arrow hits Natasha but does no damage.
Natasha is severely wounded.
Natasha claws you!
You shoot an arrow. The arrow hits Natasha.
Natasha is almost dead.
Natasha claws you.
You die...

##.....## ####.#...#.#
##...## #...#...# ##'#
#.##.##.# #. #%#.}.#.#
#. #.##.##.#
##.####### #...#..##
..#........# #.#...##
...........# #.....#
.....)h@...#####.#####
.....#...........# ..#
#.....####### #######


You could see Natasha.

Vanquished Creatures
  Natasha (D:2)
  An adder (D:2)
  A worm (D:2)
  2 dart slugs (D:1)
  6 ball pythons
  4 bats (D:1)
  2 endoplasms
  3 giant cockroaches
  9 goblins
  A hobgoblin (D:1)
  3 quokkas
  A frilled lizard (D:1)
  2 kobolds
  A rat (D:1)
37 creatures vanquished.

Notes
Turn   | Place    | Note
-------+----------+-------------------------------------------
     0 | D:1      | qw the Deep Elf Hunter began the quest for the Orb.
     0 | D:1      | Reached XP level 1. HP: 12/12 MP: 3/3
     0 | D:1      | 0 ||| qw: Version: 0.3-a-22-g0ed2b0b
     0 | D:1      | 0 ||| qw: Game counter: 6442
     0 | D:1      | 0 ||| qw: Melee chars always use a shield: true
     0 | D:1      | 0 ||| qw: God list: Okawaru
     0 | D:1      | 0 ||| qw: Allow faded altars: false
     0 | D:1      | 0 ||| qw: Do Orc after clearing Dungeon:15 true
     0 | D:1      | 0 ||| qw: Do second Lair branch before Depths: true
     0 | D:1      | 0 ||| qw: Lair rune preference: random
     0 | D:1      | 0 ||| qw: Goals: Normal
     0 | D:1      | 0 ||| PLANNING D:1-11
   132 | D:1      | Reached skill level 6 in Ranged Weapons
   132 | D:1      | Reached XP level 2. HP: 16/16 MP: 4/4
   551 | D:1      | 551 ||| FLEEEEING.
   552 | D:1      | 552 ||| FLEEEEING.
   601 | D:1      | Reached XP level 3. HP: 20/20 MP: 5/5
   856 | D:1      | 856 ||| UPGRADING to +0 ring mail.
   866 | D:1      | 866 ||| DROPPING +0 leather armour.
   867 | D:1      | 867 ||| READING 2 scrolls labelled TIXESE UQEMN.
   868 | D:1      | 868 ||| READING scroll labelled QOSIYK IGRETI.
   869 | D:1      | 869 ||| READING scroll labelled SONAANK ZADWEDDY.
   870 | D:1      | 870 ||| DRINKING 2 ruby potions.
   871 | D:1      | 871 ||| DROPPING scroll of butterflies.
  1237 | D:2      | Noticed Natasha
  1244 | D:2      | Reached skill level 7 in Ranged Weapons
  1246 | D:2      | Killed Natasha
  1247 | D:2      | Reached XP level 4. HP: 15/25 MP: 6/6
  1247 | D:2      | 1247 ||| FLEEEEING.
  1248 | D:2      | 1248 ||| FLEEEEING.
  1249 | D:2      | 1249 ||| FLEEEEING.
  1250 | D:2      | 1250 ||| FLEEEEING.
  1251 | D:2      | 1251 ||| FLEEEEING.
  1252 | D:2      | 1252 ||| FLEEEEING.
  1253 | D:2      | 1253 ||| FLEEEEING.
  1254 | D:2      | 1254 ||| FLEEEEING.
  1255 | D:2      | 1255 ||| FLEEEEING.
  1256 | D:2      | 1256 ||| FLEEEEING.
  1260 | D:2      | 1260 ||| FLEEEEING.
  1261 | D:2      | 1261 ||| FLEEEEING.
  1265 | D:2      | 1265 ||| FLEEEEING.
  1271 | D:2      | 1271 ||| FLEEEEING.
  1272 | D:2      | 1272 ||| FLEEEEING.
  1273 | D:2      | 1273 ||| FLEEEEING.
  1278 | D:2      | 1278 ||| FLEEEEING.
  1279 | D:2      | 1279 ||| FLEEEEING.
  1280 | D:2      | 1280 ||| FLEEEEING.
  1446 | D:2      | Noticed Natasha
  1456 | D:2      | HP: 3/25 [Natasha (8)]
  1457 | D:2      | Slain by Natasha

Levels and vault maps discovered:
D:1:      dpeg_arrival_more_subterranean_lakeside_camping, layout_basic
D:2:      layout_loops_corners, grunt_decor_one_mirror,
          kennysheep_generic_room_16, uniq_natasha

Skill      XL: |  1  2  3 |
---------------+----------+-----
Ranged Weapons | 6 7 |  7.6
Fighting       | |  1.5
Dodging        | |  2.4
Stealth        | |  1.2

Action                     |  1- 3 |  4- 6 || total
---------------------------+-------+-------++-------
   Fire: Shortbow          |    84 |    31 ||   115
    Use: Scroll            |     3 |       ||     3
         Potion            |     1 |       ||     1
 Armour: Leather armour    |     2 |       ||     2
         Ring mail         |     8 |     2 ||    10
  Dodge: Dodged            |    22 |     5 ||    27

Table legend:
 A = Non-vault XP
 B = Vault XP
 C = Vault XP percentage of total XP
 D = Non-vault monster count
 E = Vault monster count
 F = Vault count percentage of total count
                 A         B        C        D         E       F
            +---------+---------+-------+---------+---------+-------
      Total |      78 |      35 |  31.0 |      36 |       1 |   2.7
            +---------+---------+-------+---------+---------+-------
        D:1 |      44 |       0 |   0.0 |      25 |       0 |   0.0
        D:2 |      34 |      35 |  50.7 |      11 |       1 |   8.3
            +---------+---------+-------+---------+---------+-------
